 Dungeon Crawl Stone Soup version 0.17-a0-1914-gde4187c (webtiles) character file.

9216 pk666 the Thaumaturge (level 11, 0/54 HPs)
             Began as a Deep Elf Wizard on Sept 26, 2015.
             Was a High Priest of Sif Muna.
             Slain by an eight-headed hydra (2 damage)
             ... on level 2 of the Lair of Beasts.
             The game lasted 01:20:06 (20448 turns).

pk666 the Thaumaturge (Deep Elf Wizard)            Turns: 20448, Time: 01:20:06

Health: 0/54       AC:  8    Str:  4    XL:     11   Next: 20%
Magic:  20/29      EV: 17    Int: 27    God:    Sif Muna [*****.]
Gold:   475        SH:  0    Dex: 13    Spells: 5 memorised, 23 levels left

rFire  + . .     SeeInvis .     i - +1 dagger
rCold  . . .     Clarity  .     M - +2 robe {MR+}
rNeg   + . .     SustAt   .     (no shield)
rPois  .         Gourm    .     b - +0 hat
rElec  .         Spirit   .     j - +1 cloak
rCorr  .         Warding  +     s - +1 pair of gloves
rMut   .         Stasis   .     (no boots)
MR     ++...                    p - amulet of warding
Stlth  ++........               z - ring of protection from fire
                                (no ring)

@: repel missiles, very resistant to hostile enchantments, unstealthy
A: no striking features
a: Channel Energy, Forget Spell, Renounce Religion


You were on level 2 of the Lair of Beasts.
You worshipped Sif Muna.
Sif Muna was extremely pleased with you.
You were not hungry.

You visited 3 branches of the dungeon, and saw 13 of its levels.

You collected 601 gold pieces.
You spent 126 gold pieces at shops.

Inventory:

Hand weapons
 i - a +1 dagger (weapon)
Armour
 b - a +0 hat (worn)
 j - a +1 cloak (worn)
 s - a +1 pair of gloves (worn)
 M - a +2 robe of magic resistance (worn)
Jewellery
 p - an amulet of warding (around neck)
 y - an uncursed ring of fire
 z - a ring of protection from fire (right hand)
Magical devices
 n - a wand of heal wounds (1)
 C - a wand of frost (12)
 I - a wand of disintegration (12)
 L - a wand of draining (9)
 N - a wand of teleportation (0)
 S - a wand of slowing (17)
 T - a wand of slowing (18)
Scrolls
 k - 7 scrolls of identify
 o - 8 scrolls of remove curse
 t - 2 scrolls of amnesia
 v - a scroll of fear
 D - a scroll of vulnerability {unknown}
 H - a scroll of holy word {unknown}
 J - a scroll of random uselessness {unknown}
 K - a scroll of teleportation {unknown}
 P - a scroll of magic mapping
 Q - a scroll of fog {unknown}
 R - 2 scrolls of recharging {unknown}
Potions
 e - 2 potions of flight {unknown}
 f - 5 potions of curing
 g - 3 potions of degeneration {unknown}
 h - a potion of brilliance {unknown}
 m - a potion of mutation {unknown}
 q - 2 potions of lignification {unknown}
 r - 3 potions of haste {unknown}
 u - 4 potions of heal wounds {unknown}
 B - a potion of cancellation {unknown}
 E - a potion of ambrosia {unknown}
 G - 2 potions of might
Books
 a - a book of the Sky

   Spells                             Type                      Level
   a - Summon Lightning Spire         Summoning/Air                4
   b - Airstrike                      Air                          4
   c - Silence                        Hexes/Air                    5
   d - Deflect Missiles               Charms/Air                   6
   e - Conjure Ball Lightning         Conjuration/Air              6
   f - Tornado                        Air                          9
 c - a book of Minor Magic

   Spells                             Type                      Level
   a - Magic Dart                     Conjuration                  1
   b - Blink                          Translocation                2
   c - Call Imp                       Summoning                    2
   d - Repel Missiles                 Charms/Air                   2
   e - Slow                           Hexes                        2
   f - Conjure Flame                  Conjuration/Fire             3
   g - Mephitic Cloud                 Conjuration/Poison/Air       3
 A - a book of Changes

   Spells                             Type                      Level
   a - Beastly Appendage              Transmutation                1
   b - Sticks to Snakes               Transmutation                2
   c - Spider Form                    Transmutation/Poison         3
   d - Ice Form                       Ice/Transmutation            4
   e - Blade Hands                    Transmutation                5
 O - a book of Death

   Spells                             Type                      Level
   a - Corpse Rot                     Necromancy                   2
   b - Sublimation of Blood           Necromancy                   2
   c - Agony                          Necromancy                   5
   d - Dispel Undead                  Necromancy                   5
   e - Excruciating Wounds            Charms/Necromancy            5
   f - Bolt of Draining               Conjuration/Necromancy       5
Comestibles
 d - 6 bread rations
 l - 7 meat rations
 w - 2 fruits
 x - 6 beef jerkies
 F - a royal jelly


   Skills:
 + Level 9.7 Dodging
 - Level 2.4 Stealth
 + Level 12.0 Spellcasting
 + Level 10.0 Conjurations
   Level 1.1 Summonings
 - Level 2.1 Translocations
 + Level 8.5 Fire Magic
 - Level 3.1 Air Magic
 - Level 3.6 Poison Magic


You had 23 spell levels left.
You knew the following spells:

 Your Spells              Type           Power        Failure   Level  Hunger
d - Conjure Flame         Conj/Fire      ######..     1%          3    None
q - Blink                 Tloc           N/A          1%          2    None
w - Repel Missiles        Chrm/Air       ###...       2%          2    None
x - Mephitic Cloud        Conj/Pois/Air  #####...     1%          3    None
z - Magic Dart            Conj           ####         1%          1    None


Dungeon Overview and Level Annotations

Branches:
Dungeon (10/15)            Temple (1/1) D:4            Lair (2/8) D:10
    Orc: D:9-12

Altars:
Ashenzari
Cheibriados
Dithmenos
Elyvilon
Fedhas
Gozag
Kikubaaqudgha
Makhleb
Nemelex Xobeh
Okawaru
Qazlal
Ru
Sif Muna
Trog
Vehumet
Xom
Yredelemnul
Zin
The Shining One

Shops:
D:6 *

Annotations:
Lair:1 Gastronok, Nergalle
Lair:2 exclusion: oklob plant


Message History

The eight-headed hydra bites you but does no damage.
The eight-headed hydra closely misses you. x2
The eight-headed hydra barely misses you.
The eight-headed hydra bites you!
Casting: Magic Dart
Confirm with . or Enter, or press ? or * to list all spells.
Aiming: Magic Dart
Press: ? - help, Shift-Dir - straight line, f/p - eight-headed hydra
Aim: an eight-headed hydra (flame, heavily wounded)
The magic dart hits the eight-headed hydra.
The eight-headed hydra is heavily wounded.
The eight-headed hydra is engulfed in roaring flames.
The eight-headed hydra bites you. The eight-headed hydra bites you!
* * * LOW HITPOINT WARNING * * *
The eight-headed hydra closely misses you.
The eight-headed hydra bites you!
* * * LOW HITPOINT WARNING * * *
The eight-headed hydra completely misses you.
The eight-headed hydra bites you.
You die...

....................#...........}
.................................
....................P#....#.....P
).........................#......
....................##.......§§..
....................##.......§§..
................r...##......§§...
#......P.##.####D#####......§§.[.
........##..##..@## #P....#P.....
........##...###..# #....###....
.......###..## #..# #....##.....
........###.# ##.## #....#.#....
#..##...#...###..#####.....#.....
...##....#P...##..#.##....##.....
P..##............................
#..P#.....................##.....
#..##.......(.P#.P#.##....##.....


You could see an eight-headed hydra and a river rat.

Vanquished Creatures
  Erolcha (D:10)
  The ghost of hairmachine the Cleaver, an experienced MiBe of Trog (D:8)
  A hill giant (D:10)
  Maurice (D:8)
  A komodo dragon (Lair:2)
  4 yaks
  Eustachio (D:6)
  2 wyverns
  Menkaure (D:4)
  Edmund (D:4)
  4 phantoms
  A water moccasin (D:8)
  A necrophage (D:7)
  3 ice beasts
  2 black bears
  4 orc warriors
  An ogre (D:4)
  3 centaurs
  A big kobold (D:10)
  8 giant frogs
  A gnoll sergeant (D:9)
  4 scorpions
  2 water moccasin skeletons
  16 killer bees
  4 wights
  3 jellies
  2 crimson imps
  A centaur zombie (D:5)
  2 giant frog zombies (D:10)
  8 orc priests
  3 giant frog skeletons
  3 centaur skeletons
  3 hounds
  4 orc wizards
  Terence (D:2)
  Natasha (thrice) (D:4)
  11 worker ants
  8 iguanas
  5 sheep (Lair:2)
  2 hound zombies
  A hound skeleton (D:5)
  2 worker ant zombies
  8 adders
  9 river rats
  6 gnolls
  An ooze (D:6)
  3 giant geckos
  35 orcs
  10 giant cockroaches
  7 hobgoblins
  12 jackals
  3 quokkas
  A ball python (D:3)
  9 bats
  8 giant newts
  12 goblins
  2 jackal skeletons
  A jackal zombie (D:8)
  14 kobolds
  10 rats
  A fungus (Lair:2)
283 creatures vanquished.

Vanquished Creatures (others)
  A hound skeleton (D:6)
  57 fungi
  34 plants
92 creatures vanquished.

Grand Total: 375 creatures vanquished

Notes
Turn   | Place    | Note
--------------------------------------------------------------
     0 | D:1      | pk666 the Deep Elf Wizard began the quest for the Orb.
     0 | D:1      | Reached XP level 1. HP: 10/10 MP: 7/7
   291 | D:1      | Reached XP level 2. HP: 12/15 MP: 0/9
  1339 | D:1      | Reached skill level 5 in Spellcasting
  1599 | D:1      | Reached XP level 3. HP: 19/19 MP: 7/11
  1603 | D:1      | Learned a level 2 spell: Blink
  1606 | D:1      | Learned a level 2 spell: Repel Missiles
  1610 | D:1      | Learned a level 3 spell: Conjure Flame
  1614 | D:1      | Learned a level 3 spell: Mephitic Cloud
  2231 | D:2      | Noticed Terence
  2373 | D:2      | Killed Terence
  2373 | D:2      | Reached skill level 1 in Air Magic
  2373 | D:2      | Reached skill level 1 in Poison Magic
  2373 | D:2      | Reached XP level 4. HP: 8/24 MP: 0/13
  3453 | D:3      | Reached XP level 5. HP: 28/28 MP: 4/15
  4246 | D:3      | Found a burning altar of Makhleb.
  4375 | D:4      | Reached skill level 6 in Spellcasting
  4514 | D:4      | Noticed Edmund
  4591 | D:4      | Noticed Natasha
  4596 | D:4      | Killed Natasha
  4641 | D:4      | Noticed Menkaure
  4650 | D:4      | Killed Menkaure
  4650 | D:4      | Reached XP level 6. HP: 19/32 MP: 6/17
  4829 | D:4      | Noticed Natasha
  4832 | D:4      | Killed Natasha
  4872 | D:4      | Killed Edmund
  4872 | D:4      | Reached XP level 7. HP: 31/36 MP: 8/18
  5054 | D:4      | Found a staircase to the Ecumenical Temple.
  5085 | Temple   | Entered the Ecumenical Temple
  5160 | Temple   | Became a worshipper of Sif Muna the Loreminder
  5266 | D:4      | Noticed a phantom
  5282 | D:4      | Killed a phantom
  5282 | D:4      | Reached skill level 1 in Fire Magic
  5514 | D:4      | Noticed Natasha
  5514 | D:4      | Killed Natasha
  5710 | D:4      | Noticed a phantom
  5729 | D:4      | Killed a phantom
  5729 | D:4      | Reached skill level 5 in Conjurations
  5914 | D:5      | Entered Level 5 of the Dungeon
  5972 | D:5      | Found a snail-covered altar of Cheibriados.
  6292 | D:5      | Reached skill level 7 in Spellcasting
  6644 | D:5      | Acquired Sif Muna's first power
  6651 | D:5      | Reached XP level 8. HP: 41/41 MP: 2/20
  7373 | D:5      | Found a glowing golden altar of the Shining One.
  7375 | D:5      | Found a radiant altar of Vehumet.
  7375 | D:5      | Found a stormy altar of Qazlal.
  7377 | D:5      | Found a sacrificial altar of Ru.
  7379 | D:5      | Found a white marble altar of Elyvilon.
  7833 | D:6      | Found Viwalyon's General Store.
  7839 | D:6      | Bought a scroll of identify for 28 gold pieces
  7839 | D:6      | Bought a scroll of remove curse for 42 gold pieces
  7839 | D:6      | Bought a scroll of identify for 28 gold pieces
  7839 | D:6      | Bought 2 potions of poison for 28 gold pieces
  8210 | D:6      | Noticed Eustachio
  8221 | D:6      | Killed Eustachio
  8221 | D:6      | Reached skill level 8 in Spellcasting
  8414 | D:6      | Reached skill level 5 in Dodging
  8841 | D:6      | Acquired Sif Muna's second power
  9744 | D:7      | Reached XP level 9. HP: 45/45 MP: 10/23
 10085 | D:7      | Reached skill level 9 in Spellcasting
 10232 | D:7      | Reached skill level 5 in Fire Magic
 10436 | D:8      | Noticed Maurice
 10898 | D:8      | Killed Maurice
 10959 | D:8      | Noticed hairmachine's ghost (experienced MiBe)
 10970 | D:8      | Killed hairmachine's ghost
 11291 | D:8      | Reached skill level 10 in Spellcasting
 12382 | D:8      | Reached XP level 10. HP: 50/50 MP: 10/26
 13543 | D:9      | Acquired Sif Muna's third power
 15012 | D:9      | Reached skill level 11 in Spellcasting
 15198 | D:10     | Entered Level 10 of the Dungeon
 15514 | D:10     | Noticed Erolcha
 16485 | D:10     | Noticed a hill giant
 17123 | D:10     | Killed Erolcha
 17123 | D:10     | Reached XP level 11. HP: 54/54 MP: 3/28
 17793 | D:10     | Found a staircase to the Lair.
 17802 | Lair:1   | Entered Level 1 of the Lair of Beasts
 18090 | D:10     | Killed a hill giant
 19005 | Lair:1   | Noticed Gastronok
 19867 | Lair:1   | Noticed Nergalle
 20232 | Lair:2   | Reached skill level 12 in Spellcasting
 20232 | Lair:2   | Reached skill level 10 in Conjurations
 20439 | Lair:2   | Noticed an eight-headed hydra
 20448 | Lair:2   | HP: 2/54 [eight-headed hydra (8)]
 20448 | Lair:2   | Slain by an eight-headed hydra

Vault maps used:
D:1:      dpeg_arrival_arbitrary_a, st_stairs_7
D:2:      uniq_terence
D:3:      lemuel_doored_altar, first_bread, corexii_shack
D:4:      minmay_temple_entry_nine_rooms, uniq_natasha, uniq_edmund,
          uniq_menkaure
D:5:      minitemple
D:6:      serial_shops, nicolae_shop_trees, lemuel_flame_loot_1, uniq_eustachio
D:7:      serial_curves, eino_curves_04, eino_curves_04
D:8:      kennysheep_generic_room_5, uniq_maurice
D:10:     due_lair_maze_entry_diamond, uniq_erolcha
Temple:   jpeg_temple_clearing_12
Lair:1:   serial_bayou_shore_b, uniq_nergalle, uniq_gastronok
Lair:2:   minmay_lair_oklob_tunnel

Action                   |  1- 3 |  4- 6 |  7- 9 | 10-12 || total
-------------------------+-------+-------+-------+-------++-------
Melee: Unarmed           |     3 |       |       |       ||     3
       Dagger            |     6 |     4 |    10 |    41 ||    61
 Cast: Magic Dart        |   125 |   118 |   444 |   580 ||  1267
       Mephitic Cloud    |     2 |     5 |    21 |    30 ||    58
       Conjure Flame     |     1 |     8 |    48 |    57 ||   114
       Repel Missiles    |     1 |       |     1 |     1 ||     3
       Blink             |       |       |     6 |    17 ||    23
  Use: Potion            |     1 |       |       |       ||     1
       Scroll            |       |     5 |     1 |     3 ||     9
 Stab: Confused          |       |     1 |       |       ||     1
  Eat: Chunk             |     4 |     8 |    18 |    20 ||    50
       Pizza             |       |       |     2 |     1 ||     3
       Beef jerky        |       |       |       |     1 ||     1
       Fruit             |       |       |       |     3 ||     3
